Map: World of Sleepers LE

Players

liquidthermy (uThermal)

  • Race: Terran Terran
  • Spawn Location: 1:00

ShoWTimE - Winner!

  • Race: Protoss Protoss
  • League: Grandmaster
  • Spawn Location: 7:00

Event: HomeStory Cup XX

VOD

Have the link to the VOD?

Description

Time

  • Played on: Nov. 22, 2019, 11:24 a.m.
  • Length: 7:55

All games in this series

Show
View Real Time Build Order
Export as new Build Order

liquidthermy Terran 

Build Orders:  

Get SALT Encoding   

  12  0:01  SCV  
  13  0:13  SCV  
  14  0:17  Supply Depot  
  14  0:25  SCV  
  15  0:38  SCV  
  15  0:39  Barracks  
  16  0:44  Refinery  
  16  0:50  SCV  
  17  1:02  SCV  
  18  1:14  SCV  
  19  1:26  Marine  
  19  1:27  Orbital Command  
  20  1:39  Command Center  
  20  1:44  Barracks Reactor  
  20  1:52  SCV  
  21  1:56  Supply Depot  
  21  2:05  SCV  
  21  2:07  Factory  
  22  2:17  SCV  
  22  2:18  Refinery  
  22  2:21  Marine x2  
  25  2:24  Bunker  
  25  2:29  SCV  
  26  2:38  Marine  
  26  2:39  Marine  
  26  2:41  SCV  
  29  2:52  Starport  
  29  2:53  Orbital Command  
  29  2:54  Factory Tech Lab  
  29  2:57  Marine  
  30  2:59  Marine  
  31  3:10  SCV  
  32  3:13  Cyclone  
  32  3:14  Marine  
  32  3:17  Marine  
  38  3:20  SCV  
  38  3:28  Supply Depot  
  38  3:32  Medivac  
  38  3:33  Marine  
  41  3:35  Marine  
  41  3:37  SCV x2  
  44  3:49  SCV  
  44  3:51  Supply Depot, SCV  
  46  4:01  SCV  
  47  4:03  SCV  
  47  4:04  Barracks x2  
  47  4:08  Marine, Stimpack  
  47  4:09  Factory Tech Lab  
  49  4:13  Starport Reactor, SCV  
  49  4:15  Refinery, SCV  
  51  4:21  Engineering Bay  
  51  4:25  Marine, SCV  
  51  4:27  SCV  
  54  4:37  SCV  
  54  4:39  SCV  
  54  4:40  Siege Tank  
  54  4:43  Marine  
  48  4:49  SCV  
  48  4:51  SCV  
  50  4:54  Marine x2, Missile Turret  
  50  4:59  Terran Infantry Weapons Level 1  
  52  5:01  Marine x3, SCV  
  52  5:03  Starport Reactor, SCV  
  57  5:12  Marine  
  57  5:13  SCV  
  60  5:14  Supply Depot  
  60  5:15  SCV  
  60  5:19  Marine  
  61  5:23  Supply Depot  
  62  5:29  Marine x3, Siege Tank  
  67  5:36  Marine x2  
  67  5:37  Barracks  
  67  5:40  Barracks  
  69  5:43  Medivac  
  69  5:46  Marine x2  
  69  5:47  Marine  
  69  5:49  Combat Shield  
  74  5:55  Marine, Supply Depot  
  74  5:56  Supply Depot  
  75  6:01  Marine  
  75  6:03  Siege Tank  
  79  6:07  Missile Turret  
  79  6:08  Supply Depot  
  79  6:09  Marine  
  79  6:10  Marine  
  81  6:12  Marine  
  81  6:15  Medivac  
  84  6:18  Marine  
  84  6:21  Marine  
  84  6:22  Supply Depot  
  85  6:25  Marine  
  85  6:27  Marine x2  
  85  6:28  Marine  
  85  6:32  Medivac  
  91  6:33  Marine  
  91  6:37  Marine  
  91  6:39  Marine  
  94  6:43  Marine  
  94  6:44  Siege Tank  
  94  6:45  Marine  
  99  6:48  Marine  
  99  6:49  Marine  
  99  6:51  Marine  
  102  6:55  Marine  
  102  6:59  Marine  
  103  7:09  Marine  
  98  7:20  Medivac  
  88  7:33  Bunker  
  88  7:34  Bunker x2  
  88  7:35  Bunker  
  88  7:41  Bunker  
  88  7:43  Bunker  
Show
View Real Time Build Order
Export as new Build Order

ShoWTimE Protoss - Winner!

Build Orders: 1 Gate Expand, Oracle Opening, Phoenix Opening 

Get SALT Encoding   

  12  0:01  Probe  
  13  0:13  Probe  
  14  0:17  Pylon  
  14  0:24  Probe  
  15  0:32  Probe  
  15  0:36  Gateway  
  15  0:40  Probe  
  16  0:46  Assimilator  
  17  0:51  Probe  
  18  1:03  Probe  
  19  1:15  Probe  
  20  1:23  Cybernetics Core  
  20  1:33  Nexus  
  20  1:36  Probe  
  21  1:43  Pylon  
  21  1:48  Probe  
  21  1:51  Assimilator  
  21  1:52  Adept  
  22  2:00  Probe  
  25  2:12  Probe  
  26  2:18  Stargate  
  26  2:23  Adept  
  26  2:24  Probe  
  29  2:32  Warp Gate  
  29  2:37  Probe  
  30  2:45  Probe  
  30  2:49  Probe  
  32  2:54  Oracle  
  32  2:57  Adept, Probe  
  35  3:01  Probe  
  39  3:09  Probe  
  39  3:10  Pylon  
  40  3:13  Probe  
  41  3:21  Probe  
  41  3:23  Oracle  
  41  3:25  Probe  
  43  3:28  Gateway  
  43  3:29  Gateway  
  43  3:33  Probe  
  47  3:37  Probe  
  48  3:45  Probe  
  48  3:46  Pylon  
  49  3:52  Phoenix  
  49  3:58  Probe x2  
  53  4:07  Nexus  
  53  4:12  Probe  
  53  4:13  Probe  
  53  4:14  Robotics Facility  
  55  4:22  Assimilator  
  55  4:23  Pylon  
  55  4:24  Assimilator  
  55  4:31  Stalker x2  
  57  4:39  Stalker  
  57  4:40  Probe  
  54  4:50  Probe  
  55  4:53  Probe  
  56  5:00  Phoenix  
  56  5:02  Probe  
  56  5:05  Probe  
  61  5:13  Twilight Council  
  61  5:14  Probe  
  61  5:17  Probe  
  63  5:21  Probe  
  63  5:22  Gateway x2  
  63  5:25  Immortal, Gateway  
  63  5:26  Robotics Bay, Probe  
  64  5:29  Probe  
  64  5:33  Probe  
  70  5:36  Charge  
  70  5:37  Sentry  
  70  5:38  Probe  
  70  5:41  Probe  
  74  5:45  Pylon, Probe  
  74  5:48  Sentry  
  77  5:55  Gateway  
  77  6:00  Observer  
  77  6:01  Gateway  
  78  6:04  Probe x3  
  78  6:10  Disruptor  
  81  6:12  Shield Battery  
  81  6:13  Zealot x2  
  81  6:14  Pylon  
  88  6:29  Pylon  
  88  6:30  Sentry  
  88  6:32  Pylon, Zealot x3  
  96  6:34  Zealot  
  96  6:35  Zealot  
  96  6:38  Disruptor  
  100  6:41  Pylon  
  100  6:42  Pylon  
  100  6:53  Zealot x4  
  110  6:59  Pylon  
  110  7:00  Pylon, Zealot  
  112  7:05  Zealot x3  
  118  7:16  Zealot x4  
  124  7:28  Zealot x4  
  136  7:43  Pylon  
  134  7:48  Pylon  
  134  7:49  Pylon  
Tags
 
Add a new tag
Caveats
  • Supply blocks, unpowered buildings, or Contaminate may cause inaccurate times.
  • Supply counts are checked every 10 seconds.